San Jose Sharks vs Vegas Golden Knights

Created - Saturday, September 27, 2025 at 08:29

Goals
1 2 3 OT1 SO T
San Jose Sharks 0 3 0 0 2 4
Vegas Golden Knights 1 1 1 0 0 3
Shots
1 2 3 OT1 SO T
San Jose Sharks 4 13 11 0 3 28
Vegas Golden Knights 6 9 15 0 2 30

1st period

1. Vegas Golden Knights , Sean Monahan 20 (Thomas Chabot 7) at 7:40

Penalties :
Carter Verhaeghe (SJS) for Tripping (Minor) at 7:53, Zach Bogosian (VGK) for Slashing (Minor) at 12:42

2nd period

2. San Jose Sharks , Max Domi 12 (Andre Burakovsky 16) at 1:09 (PP)
3. Vegas Golden Knights , Sean Monahan 21 (Shea Theodore 15, Tyler Toffoli 24) at 1:25
4. San Jose Sharks , Kevin Fiala 26 (Max Domi 19, Marcus Pettersson 10) at 1:59
5. San Jose Sharks , Alexander Wennberg 16 (Carter Verhaeghe 31) at 4:29

Penalties :
Travis Hamonic (VGK) for Tripping (Minor) at 0:54, Josh Manson (SJS) for Hooking (Minor) at 8:01, Tyler Toffoli (VGK) for Holding Stick (Minor) at 12:59, Danton Heinen (SJS) for Roughing (Minor) at 15:48

3rd period

6. Vegas Golden Knights , Andreas Athanasiou 6 (Mathieu Olivier 2) at 2:33

Penalties :
Marcus Pettersson (SJS) for Hooking (Minor) at 5:19

Overtime #1

No Goal

Penalties :
No Penalty

Shootout

San Jose Sharks, Kevin Fiala - Goal!
Vegas Golden Knights, Mika Zibanejad - Stopped by Jakub Dobes
San Jose Sharks, Carter Verhaeghe - Stopped by Mackenzie Blackwood
Vegas Golden Knights, Sean Monahan - Stopped by Jakub Dobes
San Jose Sharks, Alexander Wennberg - Goal!

Penalties :
No Penalty

Goalie Stats

Jakub Dobes (SJS), 27 saves from 30 shots - (0.900), W, 18-9-4, 65:00 minutes
Mackenzie Blackwood (VGK), 25 saves from 28 shots - (0.893), OTL, 16-7-2, 65:00 minutes

Players Stats for San Jose Sharks

Player Name              G  A  P  +/- PIM S  H  SB GA TA FO     MP     PP MP  PK MP  
------------------------------------------------------------------------------------
Adam Henrique            0  0  0  -1  0   1  1  0  0  0  6/11   20:28   2:03   4:00 
Alexander Wennberg       1  0  1   2  0   3  2  1  0  0  8/15   20:48   2:02   3:51 
Andre Burakovsky         0  1  1  -1  0   2  1  1  0  0  0/0    14:20   2:03   0:00 
Andrew Copp              0  0  0  -2  0   2  2  0  0  0  3/15   14:14   0:08   0:00 
Anthony Beauvillier      0  0  0  -2  0   2  1  1  0  0  0/0    14:13   0:00   0:46 
Brandon Tanev            0  0  0   0  0   1  0  0  0  0  0/1     9:20   0:08   0:00 
Carter Verhaeghe         0  1  1   2  2   1  1  0  0  0  0/1    19:58   2:02   2:54 
Connor Murphy            0  0  0  -1  0   2  1  0  0  1  0/0    26:34   1:51   4:11 
Danton Heinen            0  0  0   0  2   2  0  0  0  0  0/0     9:21   0:00   0:00 
Ilya Mikheyev            0  0  0  -2  0   0  0  2  0  0  2/2    14:53   0:08   0:34 
Jake McCabe              0  0  0  -1  0   0  4  1  0  0  0/0    26:27   1:51   4:04 
Josh Manson              0  0  0   0  2   0  0  0  0  2  0/0    14:05   0:00   0:00 
Justin Barron            0  0  0   0  0   0  0  0  0  1  0/0    14:50   0:00   0:38 
Kevin Fiala              1  0  1   2  0   1  3  0  1  1  2/5    21:00   2:02   3:47 
Marcus Pettersson        0  1  1   0  2   1  2  0  0  0  0/0    23:41   2:22   3:07 
Mark Jankowski           0  0  0   0  0   2  0  0  0  0  1/2     8:55   0:00   0:00 
Mattias Samuelsson       0  0  0   0  0   3  3  5  0  0  0/0    24:33   2:22   3:52 
Max Domi                 1  1  2  -1  0   5  0  1  0  0  0/0    14:20   2:03   0:00 

Players Stats for Vegas Golden Knights

Player Name              G  A  P  +/- PIM S  H  SB GA TA FO     MP     PP MP  PK MP  
------------------------------------------------------------------------------------
Andreas Athanasiou       1  0  1   1  0   3  0  0  0  0  3/4    10:16   0:00   1:57 
Anthony Mantha           0  0  0   1  0   3  0  0  0  0  0/0    11:52   3:59   0:00 
Auston Matthews          0  0  0   0  0   0  1  0  1  0  0/0    22:46   3:42   2:11 
Bryan Rust               0  0  0   0  0   3  0  0  0  0  0/1    18:03   3:42   0:14 
Jack Johnson             0  0  0   0  0   0  0  1  0  0  0/0    15:08   0:00   1:54 
Jared McCann             0  0  0   1  0   0  2  1  0  0  0/0    17:06   4:10   0:00 
Jordan Staal             0  0  0  -1  0   1  2  1  1  0  8/11   14:57   0:04   2:02 
Mathew Barzal            0  0  0  -1  0   1  0  2  0  1  0/0    17:59   3:57   0:03 
Mathieu Olivier          0  1  1   1  0   2  1  0  0  0  0/1     9:59   0:00   1:59 
Mika Zibanejad           0  0  0   0  0   1  2  1  1  0  10/15  19:49   3:42   0:00 
Reilly Smith             0  0  0  -1  0   0  0  1  0  0  0/0    13:46   0:04   0:00 
Roman Josi               0  0  0  -1  0   2  1  2  0  0  0/0    27:05   3:59   1:54 
Sean Monahan             2  0  2   1  0   7  3  1  0  0  9/20   19:07   4:14   0:00 
Shea Theodore            0  1  1  -1  0   1  1  2  1  0  0/0    26:02   3:57   0:15 
Thomas Chabot            0  1  1   2  0   2  1  2  0  0  0/0    20:04   0:00   2:19 
Travis Hamonic           0  0  0   2  2   2  1  0  0  0  0/0    19:48   0:00   2:04 
Tyler Toffoli            0  1  1   1  2   1  1  2  1  0  0/0    18:52   4:10   0:00 
Zach Bogosian            0  0  0   0  2   1  1  2  0  0  0/0    13:05   0:00   0:00 

3 Stars

1 - Sean Monahan (VGK)
2 - Kevin Fiala (SJS)
3 - Alexander Wennberg (SJS)

Power Play

San Jose Sharks - 1 on 3 Attempt(s) - 33.33%
Vegas Golden Knights - 0 on 4 Attempt(s) - 0.00%

Penalty Kill

San Jose Sharks - 4 on 4 Attempt(s) - 100.00% - Score 0 goal in Penalty Kill
Vegas Golden Knights - 2 on 3 Attempt(s) - 66.67% - Score 0 goal in Penalty Kill

Team Stat

San Jose Sharks - Hits : 21 - Faceoff Wins : 22 - Blocked Shots : 12 - Penalty Minutes : 8
Vegas Golden Knights - Hits : 17 - Faceoff Wins : 30 - Blocked Shots : 18 - Penalty Minutes : 6

Official

Referees : Michael Markovic and Cody Beach
Linesman : Unknown

Game Notes

No Game Note

Finance

Level 1 -- Attendance: 6000 (100.00%) -- Ticket Income $570,000
Level 2 -- Attendance: 4726 (94.52%) -- Ticket Income $259,930
Level 3 -- Attendance: 3000 (100.00%) -- Ticket Income $90,000
Level 4 -- Attendance: 4646 (92.92%) -- Ticket Income $92,920
Luxury Box -- Attendance: 952 (95.20%) -- Ticket Income $180,880
Game was played at the T-Mobile Arena.
Total Attendance: 19324 (96.62%)
Total Ticket Income: $1,193,730
Other Income: $417,806
Total Income: $1,611,536

San Jose Sharks

5 vs 5 Forward 
   Center                   Left Wing                Right Wing               Time % Phy DF OF 
 1 Alexander Wennberg       Kevin Fiala              Carter Verhaeghe         30     1   2  2  
 2 Adam Henrique            Max Domi                 Andre Burakovsky         30     1   2  2  
 3 Andrew Copp              Anthony Beauvillier      Ilya Mikheyev            25     1   2  2  
 4 Mark Jankowski           Brandon Tanev            Danton Heinen            15     1   2  2  

5 vs 5 Defense 
   Defense                  Defense                                           Time % Phy DF OF 
 1 Jake McCabe              Connor Murphy                                     30     1   2  2  
 2 Mattias Samuelsson       Marcus Pettersson                                 30     1   2  2  
 3 Josh Manson              Justin Barron                                     25     1   2  2  
 4 Jake McCabe              Connor Murphy                                     15     1   2  2  

PowerPlay Forward 
   Center                   Left Wing                Right Wing               Time % Phy DF OF 
 1 Alexander Wennberg       Kevin Fiala              Carter Verhaeghe         50     1   2  2  
 2 Adam Henrique            Max Domi                 Andre Burakovsky         50     1   2  2  

PowerPlay Defense
   Defense                  Defense                                           Time % Phy DF OF 
 1 Jake McCabe              Connor Murphy                                     50     1   2  2  
 2 Mattias Samuelsson       Marcus Pettersson                                 50     1   2  2  

Penalty Kill 4 Players Forward 
   Center                   Wing                     Time % Phy DF OF 
 1 Kevin Fiala              Carter Verhaeghe         50     1   2  2  
 2 Alexander Wennberg       Adam Henrique            50     1   2  2  

Penalty Kill 4 Players Defense
   Defense                  Defense                  Time % Phy DF OF 
 1 Jake McCabe              Connor Murphy            50     1   2  2  
 2 Mattias Samuelsson       Marcus Pettersson        50     1   2  2  

Penalty Kill - 3 Players Forward 
   Forward                                           Time % Phy DF OF 
 1 Kevin Fiala                                       50     1   2  2  
 2 Carter Verhaeghe                                  50     1   2  2  

Penalty Kill - 3 Players Defense
   Defense                  Defense                  Time % Phy DF OF 
 1 Jake McCabe              Connor Murphy            50     1   2  2  
 2 Mattias Samuelsson       Marcus Pettersson        50     1   2  2  

4 vs 4 Forward 
   Center                   Wing                     Time % Phy DF OF 
 1 Alexander Wennberg       Kevin Fiala              50     1   2  2  
 2 Adam Henrique            Carter Verhaeghe         50     1   2  2  

4 vs 4 Defense
   Defense                  Defense                  Time % Phy DF OF 
 1 Jake McCabe              Connor Murphy            50     1   2  2  
 2 Mattias Samuelsson       Marcus Pettersson        50     1   2  2  

Last Minutes Offensive
   Center                   Left Wing                Right Wing               Defense                  Defense                  
   Carter Verhaeghe         Kevin Fiala              Adam Henrique            Jake McCabe              Connor Murphy            

Last Minutes Defensive
   Center                   Left Wing                Right Wing               Defense                  Defense                  
   Carter Verhaeghe         Kevin Fiala              Adam Henrique            Jake McCabe              Connor Murphy            

Goaltenders
Starting : Jakub Dobes              
Backup : Jacob Markstrom          

Extra Forwards
Normal : Ilya Mikheyev, Andrew Copp, Anthony Beauvillier - PP : Ilya Mikheyev, Andrew Copp - PK : Anthony Beauvillier
Extra Defensemen
Normal : Josh Manson, Justin Barron, Mattias Samuelsson - PP : Josh Manson - PK : Justin Barron, Mattias Samuelsson
Penalty Shots
Kevin Fiala, Carter Verhaeghe, Alexander Wennberg, Adam Henrique, Max Domi

Scratches
Ryan Johansen (Healthy), Travis Boyd (Healthy)

Vegas Golden Knights

5 vs 5 Forward 
   Center                   Left Wing                Right Wing               Time % Phy DF OF 
 1 Mika Zibanejad           Auston Matthews          Bryan Rust               30     1   2  2  
 2 Sean Monahan             Jared McCann             Tyler Toffoli            30     1   2  2  
 3 Jordan Staal             Mathew Barzal            Reilly Smith             25     1   2  2  
 4 Andreas Athanasiou       Mathieu Olivier          Anthony Mantha           15     1   2  2  

5 vs 5 Defense 
   Defense                  Defense                                           Time % Phy DF OF 
 1 Roman Josi               Shea Theodore                                     30     1   2  2  
 2 Thomas Chabot            Travis Hamonic                                    30     1   2  2  
 3 Jack Johnson             Zach Bogosian                                     25     1   2  2  
 4 Roman Josi               Shea Theodore                                     15     1   2  2  

PowerPlay Forward 
   Center                   Left Wing                Right Wing               Time % Phy DF OF 
 1 Mika Zibanejad           Auston Matthews          Bryan Rust               50     1   2  2  
 2 Sean Monahan             Jared McCann             Tyler Toffoli            50     1   2  2  

PowerPlay Defense
   Defense                  Defense                                           Time % Phy DF OF 
 1 Shea Theodore            Mathew Barzal                                     50     1   2  2  
 2 Roman Josi               Anthony Mantha                                    50     1   2  2  

Penalty Kill 4 Players Forward 
   Center                   Wing                     Time % Phy DF OF 
 1 Jordan Staal             Auston Matthews          50     1   2  2  
 2 Andreas Athanasiou       Mathieu Olivier          50     1   2  2  

Penalty Kill 4 Players Defense
   Defense                  Defense                  Time % Phy DF OF 
 1 Thomas Chabot            Travis Hamonic           50     1   2  2  
 2 Roman Josi               Jack Johnson             50     1   2  2  

Penalty Kill - 3 Players Forward 
   Forward                                           Time % Phy DF OF 
 1 Jordan Staal                                      50     1   2  2  
 2 Andreas Athanasiou                                50     1   2  2  

Penalty Kill - 3 Players Defense
   Defense                  Defense                  Time % Phy DF OF 
 1 Thomas Chabot            Travis Hamonic           50     1   2  2  
 2 Shea Theodore            Jack Johnson             50     1   2  2  

4 vs 4 Forward 
   Center                   Wing                     Time % Phy DF OF 
 1 Mika Zibanejad           Auston Matthews          50     1   2  2  
 2 Sean Monahan             Tyler Toffoli            50     1   2  2  

4 vs 4 Defense
   Defense                  Defense                  Time % Phy DF OF 
 1 Shea Theodore            Roman Josi               50     1   2  2  
 2 Thomas Chabot            Travis Hamonic           50     1   2  2  

Last Minutes Offensive
   Center                   Left Wing                Right Wing               Defense                  Defense                  
   Sean Monahan             Auston Matthews          Bryan Rust               Shea Theodore            Roman Josi               

Last Minutes Defensive
   Center                   Left Wing                Right Wing               Defense                  Defense                  
   Jordan Staal             Mathieu Olivier          Reilly Smith             Thomas Chabot            Travis Hamonic           

Goaltenders
Starting : Mackenzie Blackwood      
Backup : Sergei Bobrovsky         

Extra Forwards
Normal : Sean Monahan, Auston Matthews, Mika Zibanejad - PP : Jordan Staal, Sean Monahan - PK : Bryan Rust
Extra Defensemen
Normal : Thomas Chabot, Shea Theodore, Roman Josi - PP : Thomas Chabot - PK : Shea Theodore, Roman Josi
Penalty Shots
Mika Zibanejad, Sean Monahan, Bryan Rust, Anthony Mantha, Auston Matthews

Scratches
Erik Johnson (Healthy), Cole Smith (Healthy)

% Time on Ice - San Jose Sharks

Lines # - Real PCT - Wanted PCT - Time Play
Normal Forward
1 - 29% - 30% - 13:43
2 - 26% - 30% - 12:31
3 - 27% - 25% - 12:42
4 - 19% - 15% - 8:55
Normal Defense
1 - 28% - 30% - 13:14
2 - 34% - 30% - 16:04
3 - 28% - 25% - 13:30
4 - 11% - 15% - 5:03
PP Forward
1 - 51% - 50% - 2:08
2 - 49% - 50% - 2:05
PP Defense
1 - 44% - 50% - 1:51
2 - 56% - 50% - 2:22
PK Forward
1 - 50% - 50% - 3:58
2 - 50% - 50% - 3:58
PK Defense
1 - 51% - 50% - 4:04
2 - 49% - 50% - 3:52
PK3 Forward
1 - 0% - 50%
2 - 0% - 50%
PK3 Defense
1 - 0% - 50%
2 - 0% - 50%
44 Forward
1 - 52% - 50% - 2:36
2 - 48% - 50% - 2:24
44 Defense
1 - 55% - 50% - 2:45
2 - 45% - 50% - 2:15
Last Minute Offensive  - 0:00
Last Minute Defensive  - 0:00
Total
Forward - 65:00
Defense - 65:00

% Time on Ice - Vegas Golden Knights

Lines # - Real PCT - Wanted PCT - Time Play
Normal Forward
1 - 31% - 30% - 14:49
2 - 27% - 30% - 12:41
3 - 26% - 25% - 12:22
4 - 17% - 15% - 7:59
Normal Defense
1 - 30% - 30% - 14:23
2 - 32% - 30% - 15:06
3 - 26% - 25% - 12:39
4 - 12% - 15% - 5:43
PP Forward
1 - 47% - 50% - 3:42
2 - 53% - 50% - 4:14
PP Defense
1 - 50% - 50% - 3:57
2 - 50% - 50% - 3:59
PK Forward
1 - 52% - 50% - 2:11
2 - 48% - 50% - 2:02
PK Defense
1 - 55% - 50% - 2:19
2 - 45% - 50% - 1:54
PK3 Forward
1 - 0% - 50%
2 - 0% - 50%
PK3 Defense
1 - 0% - 50%
2 - 0% - 50%
44 Forward
1 - 46% - 50% - 2:19
2 - 54% - 50% - 2:41
44 Defense
1 - 56% - 50% - 2:49
2 - 44% - 50% - 2:11
Last Minute Offensive  - 0:00
Last Minute Defensive  - 0:00
Total
Forward - 65:00
Defense - 65:00

Play-by-Play

1st period


0:01 of 1st period - Mika Zibanejad wins face-off versus Alexander Wennberg in neutral zone.
0:12 of 1st period - Carter Verhaeghe is hit by Roman Josi.
1:19 of 1st period - Snap shot by Anthony Mantha.
1:19 of 1st period - Stopped by Jakub Dobes without a rebound.
1:20 of 1st period - Adam Henrique wins face-off versus Bryan Rust in San Jose Sharks zone.
1:47 of 1st period - Zach Bogosian is hit by Kevin Fiala.
2:39 of 1st period - Snap shot by Ilya Mikheyev.
2:39 of 1st period - Shot Misses the Net.
5:28 of 1st period - Adam Henrique is hit by Thomas Chabot and loses puck.
6:05 of 1st period - Off-side.
6:06 of 1st period - Andrew Copp wins face-off versus Mika Zibanejad in neutral zone.
6:31 of 1st period - Jake McCabe is hit by Sean Monahan and loses puck.
6:57 of 1st period - Travis Hamonic is hit by Marcus Pettersson and loses puck.
7:24 of 1st period - Snap shot by Bryan Rust.
7:24 of 1st period - Stopped by Jakub Dobes with a rebound.
7:40 of 1st period - Snap shot by Sean Monahan.
7:40 of 1st period - Goal by Sean Monahan - San Jose Sharks : 0 - Vegas Golden Knights : 1.
7:41 of 1st period - Alexander Wennberg wins face-off versus Sean Monahan in neutral zone.
7:53 of 1st period - Minor Penalty to Carter Verhaeghe for Tripping.
7:54 of 1st period - Kevin Fiala wins face-off versus Mika Zibanejad in San Jose Sharks zone.
8:07 of 1st period - Slapshot by Jake McCabe.
8:07 of 1st period - Deflect By Alexander Wennberg.
8:07 of 1st period - Shot Blocked by Mathew Barzal.
8:07 of 1st period - Puck is out of play.
8:08 of 1st period - Alexander Wennberg wins face-off versus Sean Monahan in Vegas Golden Knights zone.
8:33 of 1st period - Mika Zibanejad is hit by Anthony Beauvillier and loses puck.
8:53 of 1st period - Adam Henrique is hit by Jared McCann and loses puck.
9:43 of 1st period - Shea Theodore is hit by Jake McCabe and loses puck.
9:53 of 1st period - Penalty to Carter Verhaeghe is over, Carter Verhaeghe is back on ice.
10:11 of 1st period - Snap shot by Max Domi.
10:11 of 1st period - Shot Misses the Net.
11:19 of 1st period - Wrist shot by Alexander Wennberg.
11:19 of 1st period - Shot Blocked by Reilly Smith.
11:27 of 1st period - Jake McCabe is hit by Jordan Staal and loses puck.
11:42 of 1st period - Snap shot by Danton Heinen.
11:42 of 1st period - Stopped by Mackenzie Blackwood without a rebound.
11:43 of 1st period - Mika Zibanejad wins face-off versus Brandon Tanev in Vegas Golden Knights zone.
12:00 of 1st period - Snap shot by Sean Monahan.
12:00 of 1st period - Stopped by Jakub Dobes with a rebound.
12:02 of 1st period - Slapshot by Sean Monahan.
12:02 of 1st period - Stopped by Jakub Dobes with a rebound.
12:04 of 1st period - Snap shot by Zach Bogosian.
12:04 of 1st period - Stopped by Jakub Dobes without a rebound.
12:05 of 1st period - Sean Monahan wins face-off versus Andrew Copp in San Jose Sharks zone.
12:30 of 1st period - Reilly Smith is hit by Connor Murphy.
12:36 of 1st period - Wrist shot by Max Domi.
12:36 of 1st period - Stopped by Mackenzie Blackwood with a rebound.
12:38 of 1st period - Slapshot by Mattias Samuelsson.
12:38 of 1st period - Stopped by Mackenzie Blackwood without a rebound.
12:39 of 1st period - Alexander Wennberg wins face-off versus Sean Monahan in Vegas Golden Knights zone.
12:40 of 1st period - Snap shot by Kevin Fiala.
12:40 of 1st period - Shot Misses the Net.
12:42 of 1st period - Minor Penalty to Zach Bogosian for Slashing.
12:43 of 1st period - Jordan Staal wins face-off versus Kevin Fiala in Vegas Golden Knights zone.
14:42 of 1st period - Penalty to Zach Bogosian is over, Zach Bogosian is back on ice.
14:46 of 1st period - Auston Matthews is hit by Mattias Samuelsson.
14:50 of 1st period - Jordan Staal is hit by Andrew Copp.
15:15 of 1st period - Icing by Sean Monahan.
15:16 of 1st period - Sean Monahan wins face-off versus Andrew Copp in Vegas Golden Knights zone.
15:56 of 1st period - Adam Henrique is hit by Mika Zibanejad and loses puck.
16:45 of 1st period - Justin Barron is hit by Tyler Toffoli and loses puck.
17:57 of 1st period - Wrist shot by Mika Zibanejad.
17:57 of 1st period - Shot Misses the Net.
17:59 of 1st period - Wrist shot by Shea Theodore.
17:59 of 1st period - Shot Misses the Net.
18:46 of 1st period - Wrist shot by Max Domi.
18:46 of 1st period - Stopped by Mackenzie Blackwood with a rebound.
19:22 of 1st period - Snap shot by Carter Verhaeghe.
19:22 of 1st period - Shot Blocked by Jordan Staal.
19:24 of 1st period - Slapshot by Justin Barron.
19:24 of 1st period - Deflect By Alexander Wennberg.
19:24 of 1st period - Shot Blocked by Roman Josi.
19:24 of 1st period - Puck is out of play.
19:25 of 1st period - Alexander Wennberg wins face-off versus Sean Monahan in Vegas Golden Knights zone.
19:38 of 1st period - Wrist shot by Tyler Toffoli.
19:38 of 1st period - Shot Blocked by Mattias Samuelsson.
Goals for this period are 0 for San Jose Sharks vs 1 for Vegas Golden Knights.
Shots for this period are 4 for San Jose Sharks vs 6 for Vegas Golden Knights.

2nd period


0:01 of 2nd period - Sean Monahan wins face-off versus Adam Henrique in neutral zone.
0:27 of 2nd period - Auston Matthews is hit by Kevin Fiala and loses puck.
0:54 of 2nd period - Minor Penalty to Travis Hamonic for Tripping.
0:55 of 2nd period - Jordan Staal wins face-off versus Adam Henrique in Vegas Golden Knights zone.
1:09 of 2nd period - Slapshot by Max Domi.
1:09 of 2nd period - Goal by Max Domi - San Jose Sharks : 1 - Vegas Golden Knights : 1.
1:10 of 2nd period - Sean Monahan wins face-off versus Adam Henrique in neutral zone.
1:15 of 2nd period - Slapshot by Jared McCann.
1:15 of 2nd period - Shot Misses the Net.
1:19 of 2nd period - Slapshot by Tyler Toffoli.
1:19 of 2nd period - Shot Misses the Net.
1:21 of 2nd period - Slapshot by Shea Theodore.
1:21 of 2nd period - Shot Blocked by Mattias Samuelsson.
1:23 of 2nd period - Snap shot by Sean Monahan.
1:23 of 2nd period - Stopped by Jakub Dobes with a rebound.
1:25 of 2nd period - Snap shot by Sean Monahan.
1:25 of 2nd period - Goal by Sean Monahan - San Jose Sharks : 1 - Vegas Golden Knights : 2.
1:26 of 2nd period - Adam Henrique wins face-off versus Mika Zibanejad in neutral zone.
1:41 of 2nd period - Snap shot by Auston Matthews.
1:41 of 2nd period - Shot Misses the Net.
1:43 of 2nd period - Wrist shot by Mika Zibanejad.
1:43 of 2nd period - Shot Blocked by Andre Burakovsky.
1:59 of 2nd period - Slapshot by Kevin Fiala.
1:59 of 2nd period - Goal by Kevin Fiala - San Jose Sharks : 2 - Vegas Golden Knights : 2.
2:00 of 2nd period - Alexander Wennberg wins face-off versus Sean Monahan in neutral zone.
2:11 of 2nd period - Wrist shot by Kevin Fiala.
2:11 of 2nd period - Shot Blocked by Jared McCann.
2:13 of 2nd period - Snap shot by Kevin Fiala.
2:13 of 2nd period - Deflect By Carter Verhaeghe.
2:13 of 2nd period - Stopped by Mackenzie Blackwood with a rebound.
2:27 of 2nd period - Mathew Barzal is hit by Jake McCabe and loses puck.
2:38 of 2nd period - Wrist shot by Roman Josi.
2:38 of 2nd period - Deflect By Reilly Smith.
2:38 of 2nd period - Shot Blocked by Mattias Samuelsson.
2:38 of 2nd period - Puck is out of play.
2:39 of 2nd period - Ilya Mikheyev wins face-off versus Mika Zibanejad in San Jose Sharks zone.
2:44 of 2nd period - Slapshot by Bryan Rust.
2:44 of 2nd period - Deflect By Mika Zibanejad.
2:44 of 2nd period - Shot Misses the Net.
2:44 of 2nd period - Puck is out of play.
2:45 of 2nd period - Mika Zibanejad wins face-off versus Andrew Copp in San Jose Sharks zone.
2:46 of 2nd period - Wrist shot by Auston Matthews.
2:46 of 2nd period - Shot Blocked by Jake McCabe.
3:12 of 2nd period - Thomas Chabot is hit by Adam Henrique and loses puck.
3:29 of 2nd period - Wrist shot by Mika Zibanejad.
3:29 of 2nd period - Stopped by Jakub Dobes with a rebound.
3:39 of 2nd period - Snap shot by Bryan Rust.
3:39 of 2nd period - Deflect By Mika Zibanejad.
3:39 of 2nd period - Shot Misses the Net.
3:39 of 2nd period - Puck is out of play.
3:40 of 2nd period - Sean Monahan wins face-off versus Alexander Wennberg in San Jose Sharks zone.
4:01 of 2nd period - Kevin Fiala is hit by Sean Monahan and loses puck.
4:14 of 2nd period - Roman Josi is hit by Carter Verhaeghe and loses puck.
4:27 of 2nd period - Wrist shot by Carter Verhaeghe.
4:27 of 2nd period - Shot Blocked by Tyler Toffoli.
4:29 of 2nd period - Snap shot by Alexander Wennberg.
4:29 of 2nd period - Goal by Alexander Wennberg - San Jose Sharks : 3 - Vegas Golden Knights : 2.
4:30 of 2nd period - Andrew Copp wins face-off versus Jordan Staal in neutral zone.
4:55 of 2nd period - Mika Zibanejad is hit by Andre Burakovsky and loses puck.
5:20 of 2nd period - Wrist shot by Anthony Mantha.
5:20 of 2nd period - Shot Misses the Net.
5:22 of 2nd period - Slapshot by Anthony Mantha.
5:22 of 2nd period - Stopped by Jakub Dobes with a rebound.
5:36 of 2nd period - Snap shot by Mark Jankowski.
5:36 of 2nd period - Shot Misses the Net.
5:42 of 2nd period - Wrist shot by Alexander Wennberg.
5:42 of 2nd period - Stopped by Mackenzie Blackwood with a rebound.
6:04 of 2nd period - Snap shot by Mathew Barzal.
6:04 of 2nd period - Shot Blocked by Ilya Mikheyev.
6:06 of 2nd period - Slapshot by Travis Hamonic.
6:06 of 2nd period - Stopped by Jakub Dobes with a rebound.
6:08 of 2nd period - Slapshot by Travis Hamonic.
6:08 of 2nd period - Stopped by Jakub Dobes with a rebound.
6:18 of 2nd period - Snap shot by Andre Burakovsky.
6:18 of 2nd period - Shot Blocked by Shea Theodore.
6:20 of 2nd period - Wrist shot by Adam Henrique.
6:20 of 2nd period - Stopped by Mackenzie Blackwood with a rebound.
6:22 of 2nd period - Snap shot by Marcus Pettersson.
6:22 of 2nd period - Stopped by Mackenzie Blackwood without a rebound.
6:23 of 2nd period - Adam Henrique wins face-off versus Sean Monahan in Vegas Golden Knights zone.
6:34 of 2nd period - Wrist shot by Shea Theodore.
6:34 of 2nd period - Shot Misses the Net.
6:36 of 2nd period - Wrist shot by Tyler Toffoli.
6:36 of 2nd period - Shot Blocked by Max Domi.
8:01 of 2nd period - Minor Penalty to Josh Manson for Hooking.
8:02 of 2nd period - Alexander Wennberg wins face-off versus Sean Monahan in San Jose Sharks zone.
8:33 of 2nd period - Slapshot by Roman Josi.
8:33 of 2nd period - Deflect By Tyler Toffoli.
8:33 of 2nd period - Shot Misses the Net.
8:33 of 2nd period - Puck is out of play.
8:34 of 2nd period - Alexander Wennberg wins face-off versus Mika Zibanejad in San Jose Sharks zone.
8:59 of 2nd period - Jared McCann is hit by Jake McCabe and loses puck.
9:36 of 2nd period - Mathew Barzal is hit by Marcus Pettersson.
10:01 of 2nd period - Penalty to Josh Manson is over, Josh Manson is back on ice.
10:16 of 2nd period - Slapshot by Ilya Mikheyev.
10:16 of 2nd period - Shot Blocked by Shea Theodore.
10:18 of 2nd period - Snap shot by Anthony Beauvillier.
10:18 of 2nd period - Stopped by Mackenzie Blackwood without a rebound.
10:19 of 2nd period - Andreas Athanasiou wins face-off versus Andrew Copp in Vegas Golden Knights zone.
10:50 of 2nd period - Wrist shot by Danton Heinen.
10:50 of 2nd period - Stopped by Mackenzie Blackwood with a rebound.
11:22 of 2nd period - Wrist shot by Alexander Wennberg.
11:22 of 2nd period - Shot Blocked by Sean Monahan.
11:24 of 2nd period - Slapshot by Mattias Samuelsson.
11:24 of 2nd period - Stopped by Mackenzie Blackwood without a rebound.
11:25 of 2nd period - Kevin Fiala wins face-off versus Sean Monahan in Vegas Golden Knights zone.
11:58 of 2nd period - Andrew Copp is hit by Mika Zibanejad and loses puck.
12:19 of 2nd period - Adam Henrique is hit by Zach Bogosian and loses puck.
12:34 of 2nd period - Snap shot by Andreas Athanasiou.
12:34 of 2nd period - Stopped by Jakub Dobes with a rebound.
12:59 of 2nd period - Minor Penalty to Tyler Toffoli for Holding Stick.
13:00 of 2nd period - Andreas Athanasiou wins face-off versus Alexander Wennberg in Vegas Golden Knights zone.
13:11 of 2nd period - Slapshot by Mattias Samuelsson.
13:11 of 2nd period - Shot Blocked by Thomas Chabot.
13:13 of 2nd period - Slapshot by Mattias Samuelsson.
13:13 of 2nd period - Stopped by Mackenzie Blackwood with a rebound.
13:35 of 2nd period - Snap shot by Max Domi.
13:35 of 2nd period - Stopped by Mackenzie Blackwood with a rebound.
13:47 of 2nd period - Jordan Staal is hit by Alexander Wennberg and loses puck.
14:59 of 2nd period - Penalty to Tyler Toffoli is over, Tyler Toffoli is back on ice.
15:30 of 2nd period - Snap shot by Mathew Barzal.
15:30 of 2nd period - Stopped by Jakub Dobes with a rebound.
15:48 of 2nd period - Minor Penalty to Danton Heinen for Roughing.
15:49 of 2nd period - Sean Monahan wins face-off versus Alexander Wennberg in San Jose Sharks zone.
15:58 of 2nd period - Wrist shot by Sean Monahan.
15:58 of 2nd period - Stopped by Jakub Dobes with a rebound.
16:40 of 2nd period - Roman Josi is hit by Mattias Samuelsson and loses puck.
17:48 of 2nd period - Penalty to Danton Heinen is over, Danton Heinen is back on ice.
18:52 of 2nd period - Wrist shot by Max Domi.
18:52 of 2nd period - Stopped by Mackenzie Blackwood without a rebound.
18:53 of 2nd period - Jordan Staal wins face-off versus Andrew Copp in Vegas Golden Knights zone.
Goals for this period are 3 for San Jose Sharks vs 1 for Vegas Golden Knights.
Shots for this period are 13 for San Jose Sharks vs 9 for Vegas Golden Knights.

3rd period


0:01 of 3rd period - Sean Monahan wins face-off versus Kevin Fiala in neutral zone.
0:26 of 3rd period - Andre Burakovsky is hit by Jordan Staal and loses puck.
1:08 of 3rd period - Justin Barron is hit by Mathieu Olivier and loses puck.
1:41 of 3rd period - Sean Monahan is hit by Alexander Wennberg and loses puck.
1:58 of 3rd period - Snap shot by Max Domi.
1:58 of 3rd period - Shot Misses the Net.
2:00 of 3rd period - Slapshot by Andre Burakovsky.
2:00 of 3rd period - Stopped by Mackenzie Blackwood without a rebound.
2:01 of 3rd period - Jordan Staal wins face-off versus Andrew Copp in Vegas Golden Knights zone.
2:10 of 3rd period - Slapshot by Jordan Staal.
2:10 of 3rd period - Shot Misses the Net.
2:12 of 3rd period - Snap shot by Reilly Smith.
2:12 of 3rd period - Shot Misses the Net.
2:14 of 3rd period - Wrist shot by Jordan Staal.
2:14 of 3rd period - Shot Misses the Net.
2:33 of 3rd period - Snap shot by Andreas Athanasiou.
2:33 of 3rd period - Goal by Andreas Athanasiou - San Jose Sharks : 3 - Vegas Golden Knights : 3.
2:34 of 3rd period - Mika Zibanejad wins face-off versus Carter Verhaeghe in neutral zone.
2:51 of 3rd period - Slapshot by Alexander Wennberg.
2:51 of 3rd period - Shot Blocked by Roman Josi.
3:05 of 3rd period - Wrist shot by Sean Monahan.
3:05 of 3rd period - Deflect By Jared McCann.
3:05 of 3rd period - Shot Misses the Net.
3:05 of 3rd period - Puck is out of play.
3:06 of 3rd period - Adam Henrique wins face-off versus Sean Monahan in San Jose Sharks zone.
3:06 of 3rd period - Adam Henrique is hit by Travis Hamonic.
3:20 of 3rd period - Slapshot by Andre Burakovsky.
3:20 of 3rd period - Deflect By Travis Hamonic.
3:20 of 3rd period - Shot Blocked by Thomas Chabot.
3:20 of 3rd period - Puck is out of play.
3:21 of 3rd period - Jordan Staal wins face-off versus Alexander Wennberg in Vegas Golden Knights zone.
3:29 of 3rd period - Off-side.
3:30 of 3rd period - Jordan Staal wins face-off versus Alexander Wennberg in neutral zone.
3:39 of 3rd period - Wrist shot by Alexander Wennberg.
3:39 of 3rd period - Stopped by Mackenzie Blackwood with a rebound.
3:49 of 3rd period - Backhand shot by Carter Verhaeghe.
3:49 of 3rd period - Shot Misses the Net.
4:31 of 3rd period - Wrist shot by Reilly Smith.
4:31 of 3rd period - Shot Misses the Net.
4:33 of 3rd period - Snap shot by Roman Josi.
4:33 of 3rd period - Stopped by Jakub Dobes without a rebound.
4:34 of 3rd period - Adam Henrique wins face-off versus Sean Monahan in San Jose Sharks zone.
4:43 of 3rd period - Snap shot by Andre Burakovsky.
4:43 of 3rd period - Shot Blocked by Zach Bogosian.
4:49 of 3rd period - Wrist shot by Tyler Toffoli.
4:49 of 3rd period - Stopped by Jakub Dobes without a rebound.
4:50 of 3rd period - Mika Zibanejad wins face-off versus Andrew Copp in San Jose Sharks zone.
4:55 of 3rd period - Slapshot by Auston Matthews.
4:55 of 3rd period - Deflect By Ilya Mikheyev.
4:55 of 3rd period - Shot Blocked by Anthony Beauvillier.
4:55 of 3rd period - Puck is out of play.
4:56 of 3rd period - Mika Zibanejad wins face-off versus Andrew Copp in San Jose Sharks zone.
5:19 of 3rd period - Minor Penalty to Marcus Pettersson for Hooking.
5:20 of 3rd period - Mika Zibanejad wins face-off versus Kevin Fiala in San Jose Sharks zone.
5:54 of 3rd period - Alexander Wennberg is hit by Jared McCann.
7:19 of 3rd period - Penalty to Marcus Pettersson is over, Marcus Pettersson is back on ice.
7:56 of 3rd period - Wrist shot by Andrew Copp.
7:56 of 3rd period - Shot Blocked by Jack Johnson.
7:58 of 3rd period - Slapshot by Mattias Samuelsson.
7:58 of 3rd period - Shot Blocked by Zach Bogosian.
8:55 of 3rd period - Roman Josi is hit by Jake McCabe and loses puck.
10:20 of 3rd period - Off-side.
10:21 of 3rd period - Mika Zibanejad wins face-off versus Andrew Copp in neutral zone.
10:21 of 3rd period - Mika Zibanejad is hit by Andrew Copp.
10:27 of 3rd period - Snap shot by Anthony Beauvillier.
10:27 of 3rd period - Stopped by Mackenzie Blackwood without a rebound.
10:28 of 3rd period - Mika Zibanejad wins face-off versus Andrew Copp in Vegas Golden Knights zone.
10:54 of 3rd period - Snap shot by Andrew Copp.
10:54 of 3rd period - Stopped by Mackenzie Blackwood without a rebound.
10:55 of 3rd period - Sean Monahan wins face-off versus Adam Henrique in Vegas Golden Knights zone.
11:02 of 3rd period - Slapshot by Thomas Chabot.
11:02 of 3rd period - Stopped by Jakub Dobes with a rebound.
11:04 of 3rd period - Wrist shot by Jared McCann.
11:04 of 3rd period - Shot Misses the Net.
11:06 of 3rd period - Backhand shot by Travis Hamonic.
11:06 of 3rd period - Shot Misses the Net.
11:08 of 3rd period - Wrist shot by Sean Monahan.
11:08 of 3rd period - Stopped by Jakub Dobes with a rebound.
11:10 of 3rd period - Slapshot by Thomas Chabot.
11:10 of 3rd period - Stopped by Jakub Dobes with a rebound.
11:20 of 3rd period - Wrist shot by Mathew Barzal.
11:20 of 3rd period - Deflect By Jordan Staal.
11:20 of 3rd period - Shot Blocked by Alexander Wennberg.
11:20 of 3rd period - Puck is out of play.
11:21 of 3rd period - Alexander Wennberg wins face-off versus Jordan Staal in San Jose Sharks zone.
11:32 of 3rd period - Mathew Barzal is hit by Kevin Fiala and loses puck.
12:35 of 3rd period - Snap shot by Andreas Athanasiou.
12:35 of 3rd period - Stopped by Jakub Dobes with a rebound.
13:35 of 3rd period - Snap shot by Ilya Mikheyev.
13:35 of 3rd period - Shot Blocked by Mika Zibanejad.
13:37 of 3rd period - Slapshot by Justin Barron.
13:37 of 3rd period - Shot Misses the Net.
13:39 of 3rd period - Slapshot by Ilya Mikheyev.
13:39 of 3rd period - Shot Misses the Net.
13:55 of 3rd period - Snap shot by Anthony Mantha.
13:55 of 3rd period - Shot Blocked by Mattias Samuelsson.
13:57 of 3rd period - Snap shot by Mathieu Olivier.
13:57 of 3rd period - Stopped by Jakub Dobes with a rebound.
13:59 of 3rd period - Snap shot by Zach Bogosian.
13:59 of 3rd period - Deflect By Andreas Athanasiou.
13:59 of 3rd period - Shot Misses the Net.
13:59 of 3rd period - Puck is out of play.
14:00 of 3rd period - Sean Monahan wins face-off versus Adam Henrique in San Jose Sharks zone.
14:39 of 3rd period - Snap shot by Bryan Rust.
14:39 of 3rd period - Stopped by Jakub Dobes with a rebound.
14:57 of 3rd period - Wrist shot by Jordan Staal.
14:57 of 3rd period - Stopped by Jakub Dobes with a rebound.
15:14 of 3rd period - Slapshot by Justin Barron.
15:14 of 3rd period - Shot Blocked by Tyler Toffoli.
15:16 of 3rd period - Snap shot by Brandon Tanev.
15:16 of 3rd period - Stopped by Mackenzie Blackwood without a rebound.
15:17 of 3rd period - Mark Jankowski wins face-off versus Andreas Athanasiou in Vegas Golden Knights zone.
15:48 of 3rd period - Wrist shot by Ilya Mikheyev.
15:48 of 3rd period - Shot Misses the Net.
16:04 of 3rd period - Wrist shot by Andre Burakovsky.
16:04 of 3rd period - Stopped by Mackenzie Blackwood without a rebound.
16:05 of 3rd period - Adam Henrique wins face-off versus Mathieu Olivier in Vegas Golden Knights zone.
16:41 of 3rd period - Snap shot by Andrew Copp.
16:41 of 3rd period - Stopped by Mackenzie Blackwood with a rebound.
17:05 of 3rd period - Mika Zibanejad is hit by Mattias Samuelsson and loses puck.
17:24 of 3rd period - Snap shot by Bryan Rust.
17:24 of 3rd period - Stopped by Jakub Dobes with a rebound.
17:26 of 3rd period - Slapshot by Roman Josi.
17:26 of 3rd period - Shot Misses the Net.
17:28 of 3rd period - Slapshot by Shea Theodore.
17:28 of 3rd period - Shot Blocked by Mattias Samuelsson.
17:30 of 3rd period - Snap shot by Bryan Rust.
17:30 of 3rd period - Shot Misses the Net.
17:32 of 3rd period - Slapshot by Shea Theodore.
17:32 of 3rd period - Stopped by Jakub Dobes without a rebound.
17:33 of 3rd period - Andrew Copp wins face-off versus Jordan Staal in San Jose Sharks zone.
17:37 of 3rd period - Off-side.
17:38 of 3rd period - Jordan Staal wins face-off versus Andrew Copp in neutral zone.
17:43 of 3rd period - Slapshot by Reilly Smith.
17:43 of 3rd period - Shot Misses the Net.
17:45 of 3rd period - Snap shot by Mathew Barzal.
17:45 of 3rd period - Shot Hit the Post.
18:03 of 3rd period - Slapshot by Connor Murphy.
18:03 of 3rd period - Stopped by Mackenzie Blackwood with a rebound.
18:05 of 3rd period - Snap shot by Brandon Tanev.
18:05 of 3rd period - Shot Misses the Net.
18:07 of 3rd period - Slapshot by Connor Murphy.
18:07 of 3rd period - Shot Misses the Net.
18:09 of 3rd period - Slapshot by Connor Murphy.
18:09 of 3rd period - Stopped by Mackenzie Blackwood without a rebound.
18:10 of 3rd period - Jordan Staal wins face-off versus Mark Jankowski in Vegas Golden Knights zone.
18:23 of 3rd period - Slapshot by Mark Jankowski.
18:23 of 3rd period - Shot Misses the Net.
18:25 of 3rd period - Slapshot by Marcus Pettersson.
18:25 of 3rd period - Shot Misses the Net.
18:27 of 3rd period - Wrist shot by Mark Jankowski.
18:27 of 3rd period - Stopped by Mackenzie Blackwood with a rebound.
18:29 of 3rd period - Snap shot by Brandon Tanev.
18:29 of 3rd period - Shot Misses the Net.
18:31 of 3rd period - Slapshot by Marcus Pettersson.
18:31 of 3rd period - Shot Blocked by Mathew Barzal.
18:33 of 3rd period - Snap shot by Mark Jankowski.
18:33 of 3rd period - Stopped by Mackenzie Blackwood without a rebound.
18:34 of 3rd period - Andreas Athanasiou wins face-off versus Andrew Copp in Vegas Golden Knights zone.
18:39 of 3rd period - Backhand shot by Andreas Athanasiou.
18:39 of 3rd period - Shot Blocked by Ilya Mikheyev.
18:41 of 3rd period - Slapshot by Anthony Mantha.
18:41 of 3rd period - Stopped by Jakub Dobes with a rebound.
18:43 of 3rd period - Slapshot by Roman Josi.
18:43 of 3rd period - Deflect By Andrew Copp.
18:43 of 3rd period - Stopped by Jakub Dobes with a rebound.
18:45 of 3rd period - Slapshot by Shea Theodore.
18:45 of 3rd period - Shot Misses the Net.
18:47 of 3rd period - Wrist shot by Mathieu Olivier.
18:47 of 3rd period - Shot Misses the Net.
18:49 of 3rd period - Snap shot by Mathieu Olivier.
18:49 of 3rd period - Stopped by Jakub Dobes with a rebound.
19:50 of 3rd period - Andrew Copp is hit by Sean Monahan and loses puck.
Goals for this period are 0 for San Jose Sharks vs 1 for Vegas Golden Knights.
Shots for this period are 11 for San Jose Sharks vs 15 for Vegas Golden Knights.

Overtime #1


0:01 of 1st overtime period - Mika Zibanejad wins face-off versus Alexander Wennberg in neutral zone.
2:22 of 1st overtime period - Icing by Ilya Mikheyev.
2:23 of 1st overtime period - Ilya Mikheyev wins face-off versus Sean Monahan in San Jose Sharks zone.
3:17 of 1st overtime period - Alexander Wennberg is hit by Shea Theodore and loses puck.
3:46 of 1st overtime period - Connor Murphy is hit by Auston Matthews and loses puck.
Goals for this period are 0 for San Jose Sharks vs 0 for Vegas Golden Knights.
Shots for this period are 0 for San Jose Sharks vs 0 for Vegas Golden Knights.

ShootOut


5:00 of 1st overtime period - Round #1.
5:00 of 1st overtime period - San Jose Sharks, Kevin Fiala.
5:00 of 1st overtime period - Deke by Kevin Fiala.
5:00 of 1st overtime period - Goal by Kevin Fiala.
5:00 of 1st overtime period - Vegas Golden Knights, Mika Zibanejad.
5:00 of 1st overtime period - Wrist shot by Mika Zibanejad.
5:00 of 1st overtime period - Stopped by Jakub Dobes.
5:00 of 1st overtime period - Round #2.
5:00 of 1st overtime period - San Jose Sharks, Carter Verhaeghe.
5:00 of 1st overtime period - Deke by Carter Verhaeghe.
5:00 of 1st overtime period - Stopped by Mackenzie Blackwood.
5:00 of 1st overtime period - Vegas Golden Knights, Sean Monahan.
5:00 of 1st overtime period - Deke by Sean Monahan.
5:00 of 1st overtime period - Stopped by Jakub Dobes.
5:00 of 1st overtime period - Round #3.
5:00 of 1st overtime period - San Jose Sharks, Alexander Wennberg.
5:00 of 1st overtime period - Snap shot by Alexander Wennberg.
5:00 of 1st overtime period - Goal by Alexander Wennberg.